 Dungeon Crawl Stone Soup version 0.29-a0-393-g47a863cc1b (webtiles) character file.

Game seed: 2665011578084186962

1569 trckry the Summoner (level 8, -4/36 HPs)
             Began as a Felid Summoner on May 11, 2022.
             Was a Follower of Nemelex Xobeh.
             Slain by a hornet (11 damage)
             ... on level 9 of the Dungeon.
             The game lasted 00:37:31 (11528 turns).

trckry the Summoner (Felid Summoner)               Turns: 11528, Time: 00:37:32

Health: -4/36      AC:  2    Str:  4    XL:     8   Next: 59%
Magic:  16/16      EV: 19    Int: 27    God:    Nemelex Xobeh [*.....]
Gold:   531        SH:  0    Dex: 17    Spells: 7/17 levels left
                                        Lives:  0   Deaths: 2

rFire   + . .      SeeInvis +     - Unarmed
rCold   . . .      Faith    .   (shield unavailable)
rNeg    . . .      Spirit   .   (body armour unavailable)
rPois   .          Reflect  .   (helmet unavailable)
rElec   .          Harm     .   (cloak unavailable)
rCorr   .          Rampage  .   (gloves unavailable)
Will    +....                   (boots unavailable)
Stlth   +++.......              B - amulet of magic regeneration
HPRegen 0.12/turn               e - +6 ring of intelligence
MPRegen 0.55/turn               h - ring of protection from fire

@: lethally poisoned (-4 -> -7), quick
A: very small, claws 1, fangs 3, see invisible, speed 1, shaggy fur 2, stealthy
paws, no weapons or thrown items, no armour, multi-lived
a: Renounce Religion, Draw Escape, Draw Destruction, Draw Summoning


You were on level 9 of the Dungeon.
You worshipped Nemelex Xobeh.
Nemelex Xobeh was aware of your devotion.
You visited 2 branches of the dungeon, and saw 10 of its levels.

You collected 531 gold pieces.

Inventory:

Jewellery
 b - a ring of fire
 e - a +6 ring of intelligence (left paw)
 h - a ring of protection from fire (right paw)
 m - a ring of flight
 B - an amulet of magic regeneration (around neck)
Wands
 y - a wand of iceblast (13)
 C - a wand of paralysis (3)
Scrolls
 i - 3 scrolls of teleportation {unknown}
 j - a scroll of enchant armour {unknown}
 k - 8 scrolls of identify {unknown}
 n - a scroll of magic mapping {unknown}
 t - 2 scrolls of fog {unknown}
 u - a scroll of brand weapon {unknown}
 v - 2 scrolls of amnesia {unknown}
 x - a scroll of blinking {unknown}
 A - a scroll of enchant weapon {unknown}
Potions
 a - a potion of magic
 c - 2 potions of brilliance {unknown}
 d - 5 potions of mutation {unknown}
 f - a potion of cancellation {unknown}
 g - 3 potions of haste {unknown}
 l - 2 potions of lignification {unknown}
 o - 2 potions of might {unknown}
 p - a potion of flight {unknown}
 q - 5 potions of heal wounds {unknown}
 r - 5 potions of curing {unknown}
 s - a potion of berserk rage {unknown}
 w - a potion of degeneration {unknown}
 z - a potion of attraction {unknown}


   Skills:
 + Level 4.4 Fighting
 - Level 5.0 Dodging
 - Level 5.0 Stealth
 + Level 4.5 Unarmed Combat
 - Level 5.0 Spellcasting
 * Level 12.8 Summonings


You had 7 spell levels left.
You knew the following spells:

 Your Spells              Type           Power      Damage    Failure   Level
a - Summon Small Mammal   Summ           100%       N/A       1%          1
b - Call Imp              Summ           66%        N/A       1%          2
c - Call Canine Familiar  Summ           66%        N/A       1%          3
d - Summon Lightning Spi  Summ/Air       41%        N/A       4%          4

Your spell library contained the following spells:

 Spells                   Type           Power      Damage    Failure   Level
 Summon Guardian Golem    Hex/Summ       41%        N/A       1%          3
 Summon Ice Beast         Ice/Summ       41%        N/A       4%          4
 Animate Skeleton         Necr           12%        N/A       7%          1
 Pain                     Necr           24%        1d5       7%          1
 Static Discharge         Conj/Air       6%         N/A       11%         2
 Frozen Ramparts          Ice            12%        1d3       22%         3
 Vampiric Draining        Necr           6%         2d6       22%         3
 Airstrike                Air            3%         N/A       56%         4
 Dispel Undead            Necr           6%         3d8       56%         4
 Sticky Flame             Conj/Fire      6%         2d3       56%         4
 Borgnjor's Vile Clutch   Necr/Erth      3%         N/A       89%         5
 Lightning Bolt           Conj/Air       3%         1d14      89%         5
 Storm Form               Tmut/Air       3%         N/A       100%        7
 Maxwell's Capacitive Co  Air            3%         ∞         100%        8


Dungeon Overview and Level Annotations

Branches:
Dungeon (9/15)             Temple (1/1) D:6            Lair (0/6) D:8
    Orc: D:9-12

Altars:
Ashenzari
Cheibriados
Dithmenos
Elyvilon
Fedhas
Gozag
Hepliaklqana
Kikubaaqudgha
Makhleb
Nemelex Xobeh
Okawaru
Qazlal
Ru
Sif Muna
Trog
Uskayaw
Vehumet
Wu Jian
Xom
Yredelemnul
Zin
The Shining One


Innate Abilities, Weirdness & Mutations

You have sharp claws.
You have razor-sharp teeth.
You have supernaturally acute eyesight. (SInv)
You cover ground quickly. (Speed+)
You are covered in thick fur. (AC +2)
Your paws help you pounce on unaware monsters.
You are incapable of wielding weapons or throwing items.
You cannot wear armour.
You gain extra lives every three experience levels.


Message History

The hornet stings you.
You are poisoned.
You feel yourself slow down.
You take 1 damage, and have 35/36 hp.
You scratch the hornet but do no damage.
The hornet is lightly wounded.
You feel yourself speed up.
You feel very sick. The hornet barely misses you.
The centaur wields a +0 shortbow.
The centaur shoots an arrow.
The arrow closely misses you. The hornet completely misses you.
The centaur shoots an arrow.
The arrow completely misses you.
You take 3 damage, and have 32/36 hp.
You miss the hornet.
The hornet is lightly wounded.
You feel sick. The hornet completely misses you.
The centaur shoots an arrow.
The arrow closely misses you.
You take 1 damage, and have 31/36 hp.
You completely miss the hornet.
The hornet is lightly wounded.
You feel sick.
The hornet stings you but does no damage.
The centaur shoots an arrow.
The arrow hits you! The hornet misses you.
You take 12 damage, and have 19/36 hp.
MASSIVE DAMAGE!!
You scratch the hornet but do no damage.
The hornet is lightly wounded.
You feel sick. The hornet closely misses you.
You take 2 damage, and have 17/36 hp.
You barely miss the hornet.
The hornet is lightly wounded.
You feel sick. The hornet misses you.
The centaur shoots an arrow.
The arrow hits you. The hornet barely misses you.
You take 5 damage, and have 12/36 hp.
You scratch the hornet but do no damage.
The hornet is lightly wounded.
The centaur shoots an arrow.
The arrow hits you.
* * * LOW HITPOINT WARNING * * *
The hornet stings you!
You die...
Your body disappears without a glow.

.......##..........##
....#..#..........#.# ##
#...#..##...........##.#
......###..# ...........
##.....##..###........
##...........#..# ...
#...##..........##c# .
#....#....#.....#..#....
##....#..###...#@y......
##.###....#...##.......
####....###..# .......
#.....##...?....#.#
###.####........# # ##
##.....).# ##......#
.....


You could see a hornet and a centaur.

Vanquished Creatures
  A howler monkey (D:9)
  A dart slug (D:1)
  2 orcs (D:4)
  A bat (D:3)
  An endoplasm (D:4)
  A giant cockroach (D:1)
  5 goblins
  6 hobgoblins
  2 jackals (D:4)
  A quokka (D:1)
  3 ball pythons
  A frilled lizard (D:2)
  A rat (D:1)
26 creatures vanquished.

Vanquished Creatures (collateral kills)
  A kobold demonologist (D:7)
  Prince Ribbit (D:8)
  Sigmund (D:5)
  A wraith (D:5)
  A steam dragon (D:8)
  Edmund (D:6)
  4 water moccasins
  An ice beast (D:6)
  2 sky beasts
  2 orc warriors (D:7)
  3 black bears
  5 ogres
  3 centaurs
  2 phantoms (D:5)
  Blork the orc (D:6)
  A necrophage (D:7)
  2 bullfrogs
  2 gnoll sergeants
  3 scorpions
  4 wights (D:7)
  6 killer bees (D:7)
  4 howler monkeys
  A crimson imp (D:3)
  3 orc priests
  A hound (D:4)
  3 jellies
  4 gnoll shamans
  8 orc wizards
  A spectral hound (D:5)
  A spectral howler monkey (D:5)
  A howler monkey skeleton (D:5)
  32 gnolls
  6 adders
  3 shadow imps
  3 white imps
  3 ufetubi
  A worm (D:4)
  A dart slug (D:1)
  36 orcs
  3 endoplasms (D:1)
  2 hobgoblins
  19 jackals
  5 ball pythons
  2 frilled lizards
  2 goblins
  2 kobolds
  3 rats
197 creatures vanquished.

Vanquished Creatures (others)
  An orc (D:8)
  3 plants (D:4)
  19 withered plants (D:5)
23 creatures vanquished.

Grand Total: 246 creatures vanquished

Notes
Turn   | Place    | Note
-------+----------+-------------------------------------------
     0 | D:1      | trckry the Felid Summoner began the quest for the Orb.
     0 | D:1      | Reached XP level 1. HP: 7/7 MP: 4/4
   476 | D:1      | Reached XP level 2. HP: 11/11 MP: 3/6
   479 | D:1      | Learned a level 2 spell: Call Imp
   972 | D:2      | Reached XP level 3. HP: 9/14 MP: 2/7
  1551 | D:2      | Reached skill level 5 in Summonings
  1804 | D:2      | Found a white marble altar of Elyvilon.
  1886 | D:2      | Learned a level 3 spell: Call Canine Familiar
  2408 | D:3      | Found a radiant altar of Vehumet.
  2408 | D:3      | Found a burning altar of Makhleb.
  2425 | D:3      | Reached XP level 4. HP: 11/18 MP: 4/9
  3079 | D:4      | Noticed an ogre
  3095 | D:4      | Killed an ogre
  3096 | D:4      | Reached skill level 6 in Summonings
  3096 | D:4      | Reached XP level 5. HP: 21/21 MP: 7/11
  3102 | D:4      | Noticed a sky beast
  3148 | D:4      | Killed a sky beast
  3149 | D:4      | Gained mutation: You are covered in thick fur. (AC +2)
                  | [Felid growth]
  3149 | D:4      | Reached XP level 6. HP: 24/24 MP: 5/12
  3930 | D:4      | Reached skill level 7 in Summonings
  4246 | D:4      | Reached XP level 7. HP: 27/27 MP: 9/14
  4364 | D:4      | Found a broken altar of Ashenzari.
  4637 | D:4      | Found a glowing golden altar of the Shining One.
  4831 | D:4      | Learned a level 4 spell: Summon Lightning Spire
  5311 | D:4      | Reached skill level 8 in Summonings
  5403 | D:4      | Reached skill level 5 in Spellcasting
  6146 | D:5      | Entered Level 5 of the Dungeon
  6242 | D:5      | Reached XP level 8. HP: 31/31 MP: 13/16
  6500 | D:5      | Reached skill level 9 in Summonings
  6767 | D:5      | Noticed Sigmund
  6773 | D:5      | Killed Sigmund
  6774 | D:5      | Reached skill level 10 in Summonings
  6998 | D:5      | Reached skill level 11 in Summonings
  7040 | D:5      | Found the +4 dagger "Morg" {pain, Will+ Int+5}
  7174 | D:6      | Noticed Edmund
  7183 | D:6      | Killed Edmund
  7184 | D:6      | Reached XP level 9. HP: 34/34 MP: 17/17
  7311 | D:6      | Reached skill level 1 in Fighting
  7311 | D:6      | Reached skill level 1 in Unarmed Combat
  7548 | D:6      | Found a staircase to the Ecumenical Temple.
  7628 | D:6      | Noticed Blork the orc
  7638 | D:6      | Killed Blork the orc
  7929 | Temple   | Entered the Ecumenical Temple
  8112 | Temple   | Became a worshipper of Nemelex Xobeh the Trickster
  8165 | D:7      | Noticed a kobold demonologist
  8183 | D:7      | Killed a kobold demonologist
  8285 | D:7      | Reached skill level 5 in Stealth
  8341 | D:7      | Reached skill level 5 in Dodging
  8347 | D:7      | Reached skill level 12 in Summonings
  9029 | D:7      | Reached XP level 10. HP: 42/42 MP: 6/18
  9921 | D:8      | HP: 1/42 [something/ball of steam (19)]
 10244 | D:8      | Reached * piety under Nemelex Xobeh
 10362 | D:8      | Got Sif Muna's Incunabulum of the Unholy Snowflakes
 10431 | D:8      | Engulfed by a steam dragon's steam
 10432 | D:8      | Reached XP level 9. HP: -1/39 MP: 12/17
 10979 | D:8      | Noticed Prince Ribbit
 11006 | D:8      | Killed Prince Ribbit
 11167 | D:8      | Received a gift from Nemelex Xobeh
 11200 | D:8      | Found a staircase to the Lair.
 11493 | D:9      | Killed from afar by an acid dragon
 11494 | D:9      | Reached XP level 8. HP: -3/36 MP: 13/16
 11518 | D:9      | Noticed a hornet
 11528 | D:9      | Slain by a hornet

Illustrated notes

Levels and vault maps discovered:
D:1:      lightli_arrival_isolated_outpost, layout_basic
D:2:      wad_pebble_path, layout_basic, basic_altar
D:3:      layout_loops_ring, grunt_temple_overflow_lords_of_destruction
D:4:      lemuel_castle_with_subvaults [lemuel_castle_interior_carwin_2],
          layout_cave_pods, tso_altar, general_overflow_altar,
          minmay_a_box_with_orc_wizards_in_it
D:5:      layout_gridville, dilly_guarded_unrand_morg, uniq_sigmund
D:6:      layout_loops_cross, minmay_temple_entry_hall, uniq_edmund,
          uniq_blork_the_orc
D:7:      layout_loops_cross
D:8:      layout_loops_ring, lair_entry_dummy, uniq_prince_ribbit1
D:9:      layout_cave_pools, orc_0_dummy
Temple:   eino_narrow_crystal_temple

Skill      XL: |  1  2  3  4  5  6  7  8  9 10 |
---------------+-------------------------------+-----
Summonings     | 5 6 7 8 11 12 | 12.8
Spellcasting   | 3 4 5 |  5.0
Dodging        | 3 5 |  5.0
Stealth        | 3 5 |  5.0
Fighting       | 4 |  4.4
Unarmed Combat | 3 4 |  4.5

Action                   |  1- 3 |  4- 6 |  7- 9 | 10-12 || total
-------------------------+-------+-------+-------+-------++-------
Melee: Unarmed           |    42 |    50 |    40 |     3 ||   135
       Punch             |     1 |     1 |     1 |       ||     3
       Bite              |     3 |     5 |     5 |     1 ||    14
 Cast: Summon Small Mamm |    34 |     6 |     4 |     3 ||    47
       Call Imp          |    11 |    11 |    25 |     9 ||    56
       Call Canine Famil |       |    20 |    51 |    14 ||    85
       Summon Lightning  |       |       |     6 |       ||     6
 Stab: Sleeping          |     2 |     3 |       |       ||     5
Armor: Skin              |     1 |    11 |    11 |     2 ||    25
Dodge: Dodged            |    51 |    72 |   108 |    46 ||   277

Table legend: (Time is in decaauts)
 A = Elapsed time spent in this place.
 B = Non-inter-level travel time spent in this place.
 C = Inter-level travel time spent in this place.
 D = Time resting spent in this place.
 E = Time spent auto-exploring this place.
 F = Levels seen in this place.
 G = Mean time per level.
                   A        B        C        D        E       F      G
               +--------+--------+--------+--------+--------+-----+--------+
         Total |  10296 |  10038 |    258 |    681 |   6921 |  10 | 1029.6 |
       Dungeon |  10137 |   9891 |    246 |    681 |   6784 |   9 | 1126.3 |
        Temple |    159 |    148 |     11 |      0 |    136 |   1 |  159.0 |
               +--------+--------+--------+--------+--------+-----+--------+

Top non-repeatable levels by time:
     D:4: 2813 daAuts
     D:7: 1748 daAuts
     D:8: 1224 daAuts
     D:3: 1003 daAuts
     D:1: 859 daAuts
     D:5: 853 daAuts
     D:2: 844 daAuts
     D:6: 711 daAuts
  Temple: 159 daAuts
     D:9: 78 daAuts
